General information
- name: BNet
- type: Ladder team game (AT/RT)
- host: Battle.net
- saver: HariKari
map: Deadlands
- players: 8
- length: 50:54
- speed: Fast
- version: 1.26 W3XP
- replay type: Public
» download(350 KB)
Players
team 1 (winner)
wcboon (
teal | 83 APM | 2938 actions | 35:35)
5 Blood Mage
3 Flame Strike
2 Siphon Mana
» actions
| Assign group hotkey | 91 | |
| Basic commands | 361 | |
| Build / train | 92 | |
| Enter build submenu | 28 | |
| Enter hero's abilities submenu | 5 | |
| Give item / drop item | 2 | |
| Remove unit from queue | 3 | |
| Right click | 1094 | |
| Select / deselect | 420 | |
| Select group hotkey | 719 | |
| Use ability | 122 | |
2938 total
» units
| Peasant | 23 | |
| Footman | 13 | |
| Mortar Team | 4 | |
| Goblin Zeppelin | 2 | |
| Siege Engine | 11 | |
53 total
» upgrades
| Gunpowder | 3 | |
| Flare | 1 | |
| Masonry | 3 | |
| Armor | 0 | |
| Barrage | 1 | |
| Fragmentation Shards | 1 | |
| Plating | 1 | |
10 total
» buildings
| Altar of Kings | 3 | |
| Farm | 11 | |
| Barracks | 1 | |
| Arcane Vault | 2 | |
| Town Hall | 1 | |
| Scout Tower | 5 | |
| Keep | 1 | |
| Lumber Mill | 1 | |
| Blacksmith | 1 | |
| Arcane Tower | 2 | |
| Guard Tower | 3 | |
| Workshop | 3 | |
| Castle | 1 | |
35 total
» build order
00:27 Altar of Kings
00:31 Farm
00:40 Barracks
01:11 Farm
01:51 Farm
03:10 Farm
03:31 Arcane Vault
04:57 Town Hall
05:03 Scout Tower
05:07 Scout Tower
05:15 Keep
05:25 Lumber Mill
05:55 Blacksmith
05:58 Scout Tower
06:03 Arcane Tower
06:09 Arcane Tower
06:21 Scout Tower
06:26 Scout Tower
06:52 Farm
06:57 Guard Tower
07:08 Guard Tower
07:08 Guard Tower
07:36 Workshop
07:40 Workshop
07:43 Workshop
07:53 Arcane Vault
09:08 Farm
09:40 Castle
09:56 Farm
11:17 Farm
11:32 Farm
11:34 Farm
12:20 Farm
29:57 Altar of Kings
30:09 Altar of Kings
» items
| Scroll of Regeneration | 1 | |
| Potion of Healing | 3 | |
| Potion of Lesser Invulnerability | 1 | |
| Boots of Speed | 1 | |
| Potion of Invisibility | 2 | |
| Staff of Teleportation | 1 | |
9 total
Eug_Master (
yellow | 46 APM | 2317 actions | 50:54)
6 Archmage
3 Summon Water Elemental
2 Brilliance Aura
1 Mass Teleport
» actions
| Assign group hotkey | 98 | |
| Basic commands | 29 | |
| Build / train | 91 | |
| Enter build submenu | 28 | |
| Enter hero's abilities submenu | 6 | |
| Right click | 640 | |
| Select / deselect | 421 | |
| Select group hotkey | 831 | |
| Use ability | 173 | |
2317 total
» units
| Peasant | 11 | |
| Footman | 10 | |
| Dragonhawk Rider | 21 | |
| Abomination | 9 | |
| Acolyte | 5 | |
56 total
» upgrades
| Defend | 1 | |
| Swords | 3 | |
| Lumber Harvesting | 1 | |
| Masonry | 3 | |
| Armor | 3 | |
| Cloud | 1 | |
| Animal War Training | 1 | |
| Unholy Armor | 1 | |
14 total
» buildings
| Farm | 15 | |
| Altar of Kings | 1 | |
| Barracks | 1 | |
| Lumber Mill | 1 | |
| Blacksmith | 1 | |
| Scout Tower | 4 | |
| Keep | 1 | |
| Guard Tower | 4 | |
| Gryphon Aviary | 2 | |
| Arcane Vault | 1 | |
| Castle | 1 | |
| Ziggurat | 1 | |
| Spirit Tower | 2 | |
| Nerubian Tower | 1 | |
36 total
» build order
00:11 Farm
00:17 Altar of Kings
00:38 Barracks
01:34 Farm
02:15 Lumber Mill
02:35 Farm
03:34 Farm
04:15 Blacksmith
04:31 Scout Tower
04:33 Keep
05:03 Guard Tower
05:06 Scout Tower
05:39 Farm
05:46 Guard Tower
06:18 Farm
06:57 Gryphon Aviary
06:59 Farm
07:03 Gryphon Aviary
07:08 Arcane Vault
07:58 Farm
08:00 Castle
08:55 Farm
09:36 Farm
10:15 Farm
11:16 Farm
18:42 Farm
19:37 Farm
20:29 Farm
20:57 Ziggurat
21:34 Spirit Tower
23:28 Spirit Tower
25:08 Scout Tower
25:17 Scout Tower
26:20 Guard Tower
26:21 Guard Tower
26:37 Nerubian Tower
» items
| Healing Salve | 2 | |
| Scroll of Town Portal | 1 | |
| Orb of Fire | 1 | |
| Orb of Corruption | 1 | |
5 total
HariKari (
green | 57 APM | 2877 actions | 50:54)
10 Blademaster
3 Wind Walk
3 Critical Strike
1 Bladestorm
3 Mirror Image
» actions
| Assign group hotkey | 58 | |
| Basic commands | 101 | |
| Build / train | 141 | |
| Enter build submenu | 55 | |
| Enter hero's abilities submenu | 10 | |
| Give item / drop item | 10 | |
| Right click | 1383 | |
| Select / deselect | 478 | |
| Select group hotkey | 388 | |
| Use ability | 253 | |
2877 total
» units
| Peon | 12 | |
| Grunt | 4 | |
| Goblin Shredder | 1 | |
| Goblin Sapper | 12 | |
| Troll Batrider | 3 | |
| Wind Rider | 5 | |
| Demolisher | 11 | |
48 total
» upgrades
| Armor | 3 | |
| Ranged Weapons | 3 | |
| Reinforced Defenses | 1 | |
| Envenomed Spears | 1 | |
| Liquid Fire | 1 | |
| Ensnare | 1 | |
| Pillage | 1 | |
| Troll Regeneration | 1 | |
| Burning Oil | 1 | |
| Spiked Barricades | 3 | |
| Berserker Strength | 1 | |
17 total
» buildings
| Orc Burrow | 6 | |
| Altar of Storms | 1 | |
| Barracks | 4 | |
| Voodoo Lounge | 6 | |
| Stronghold | 1 | |
| War Mill | 2 | |
| Great Hall | 2 | |
| Watch Tower | 41 | |
| Fortress | 1 | |
| Beastiary | 4 | |
68 total
» build order
00:15 Orc Burrow
01:05 Altar of Storms
01:06 Barracks
01:09 Orc Burrow
01:43 Voodoo Lounge
02:50 Stronghold
03:55 War Mill
04:51 Great Hall
05:08 Orc Burrow
05:16 Watch Tower
05:16 Watch Tower
07:16 Watch Tower
07:17 Watch Tower
07:17 Watch Tower
07:18 Watch Tower
08:14 Voodoo Lounge
08:46 Fortress
08:51 Watch Tower
08:52 Watch Tower
08:52 Watch Tower
08:54 Watch Tower
08:55 Watch Tower
08:55 Watch Tower
12:03 Beastiary
12:03 Beastiary
12:04 Beastiary
12:09 Beastiary
20:52 Watch Tower
20:52 Watch Tower
20:53 Watch Tower
20:54 Watch Tower
20:54 Watch Tower
20:55 Watch Tower
20:57 Watch Tower
25:46 Watch Tower
25:46 Watch Tower
25:47 Watch Tower
25:48 Watch Tower
25:48 Watch Tower
25:49 Watch Tower
25:50 Watch Tower
25:50 Watch Tower
25:52 Watch Tower
25:59 Great Hall
26:03 Watch Tower
26:03 Watch Tower
26:03 Watch Tower
26:05 Watch Tower
26:10 Watch Tower
26:10 Watch Tower
26:11 Watch Tower
26:11 Watch Tower
26:14 Watch Tower
26:14 Watch Tower
26:14 Watch Tower
26:16 Voodoo Lounge
26:34 War Mill
33:41 Voodoo Lounge
33:42 Voodoo Lounge
33:42 Voodoo Lounge
34:56 Orc Burrow
34:57 Orc Burrow
40:35 Barracks
40:36 Barracks
40:36 Barracks
41:21 Orc Burrow
» items
| Healing Salve | 11 | |
| Mechanical Critter | 3 | |
| Scroll of Regeneration | 1 | |
| Potion of Healing | 14 | |
| Potion of Mana | 11 | |
| Lesser Clarity Potion | 9 | |
| Scroll of Town Portal | 12 | |
| Orb of Lightning | 1 | |
| Tiny Great Hall | 1 | |
63 total

»
ishot2pac (
purple | 42 APM | 838 actions | 19:49)
4 Dreadlord
2 Vampiric Aura
2 Sleep
» actions
| Assign group hotkey | 15 | |
| Basic commands | 3 | |
| Build / train | 60 | |
| Enter build submenu | 15 | |
| Enter hero's abilities submenu | 4 | |
| Give item / drop item | 3 | |
| Right click | 312 | |
| Select / deselect | 174 | |
| Select group hotkey | 211 | |
| Use ability | 41 | |
838 total
» units
| Acolyte | 11 | |
| Ghoul | 8 | |
| Abomination | 5 | |
| Banshee | 1 | |
| Obsidian Statue | 1 | |
26 total
» upgrades
| Unholy Strength | 3 | |
| Disease Cloud | 1 | |
| Skeletal Longevity | 1 | |
| Banshee Training | 2 | |
| Unholy Armor | 2 | |
| Skeletal Mastery | 1 | |
| Necromancer Training | 2 | |
12 total
» buildings
| Altar of Darkness | 1 | |
| Crypt | 1 | |
| Ziggurat | 9 | |
| Graveyard | 1 | |
| Tomb of Relics | 1 | |
| Spirit Tower | 4 | |
| Halls of the Dead | 1 | |
| Necropolis | 1 | |
| Slaughterhouse | 2 | |
| Black Citadel | 1 | |
| Temple of the Damned | 2 | |
24 total
» build order
00:36 Altar of Darkness
00:39 Crypt
00:45 Ziggurat
01:27 Graveyard
01:56 Tomb of Relics
02:07 Ziggurat
03:58 Spirit Tower
05:52 Halls of the Dead
06:09 Necropolis
06:14 Ziggurat
07:03 Ziggurat
07:04 Ziggurat
07:30 Spirit Tower
08:00 Spirit Tower
08:18 Slaughterhouse
08:18 Slaughterhouse
08:21 Black Citadel
09:42 Temple of the Damned
10:58 Temple of the Damned
14:15 Ziggurat
14:16 Ziggurat
14:17 Ziggurat
14:18 Ziggurat
15:18 Spirit Tower
» items
| Sacrificial Skull | 1 | |
| Rod of Necromancy | 1 | |
| Potion of Healing | 2 | |
| Potion of Mana | 2 | |
| Scroll of Town Portal | 2 | |
| Scroll of Healing | 2 | |
| Orb of Corruption | 1 | |
11 total
team 2 (loser)

»
DOUGLASCALACA (
blue | 34 APM | 1515 actions | 43:55)
7 Priestess of the Moon
3 Searing Arrows
2 Trueshot Aura
1 Starfall
1 Scout
» actions
| Assign group hotkey | 62 | |
| Build / train | 118 | |
| ESC pressed | 2 | |
| Enter build submenu | 16 | |
| Enter hero's abilities submenu | 7 | |
| Give item / drop item | 5 | |
| Right click | 719 | |
| Select / deselect | 246 | |
| Select group hotkey | 236 | |
| Use ability | 104 | |
1515 total
» units
» upgrades
| Improved Bows | 1 | |
| Strength of the Moon | 2 | |
| Moon Armor | 2 | |
5 total
» buildings
| Moon Well | 8 | |
| Ancient of War | 4 | |
| Altar of Elders | 1 | |
| Tree of Ages | 1 | |
| Hunter's Hall | 1 | |
| Ancient of Wonders | 2 | |
| Tree of Life | 1 | |
18 total
» build order
00:14 Moon Well
01:22 Ancient of War
01:23 Ancient of War
01:39 Altar of Elders
01:57 Moon Well
04:04 Moon Well
04:04 Moon Well
05:59 Tree of Ages
06:18 Hunter's Hall
07:18 Moon Well
12:23 Moon Well
12:23 Moon Well
12:24 Moon Well
14:22 Ancient of Wonders
16:01 Ancient of War
16:02 Ancient of War
16:36 Ancient of Wonders
20:58 Tree of Life
» items
| Scroll of Town Portal | 6 | |
| Boots of Speed | 3 | |
| Scroll of Regeneration | 1 | |
| Lesser Clarity Potion | 2 | |
| Orb of Lightning | 1 | |
| Healing Salve | 2 | |
| Potion of Lesser Invulnerability | 1 | |
16 total
Jagr (
red | 176 APM | 7822 actions | 44:31)
6 Paladin
2 Holy Light
2 Devotion Aura
1 Divine Shield
1 Resurrection
4 Mountain King
2 Storm Bolt
2 Bash
» actions
| Assign group hotkey | 36 | |
| Basic commands | 303 | |
| Build / train | 130 | |
| ESC pressed | 9 | |
| Enter build submenu | 69 | |
| Enter hero's abilities submenu | 11 | |
| Give item / drop item | 4 | |
| Right click | 1969 | |
| Select / deselect | 1525 | |
| Select group hotkey | 3594 | |
| Use ability | 169 | |
7822 total
» units
| Peasant | 31 | |
| Footman | 12 | |
| Knight | 6 | |
| Priest | 9 | |
58 total
» upgrades
| Defend | 1 | |
| Swords | 1 | |
| Plating | 1 | |
| Animal War Training | 1 | |
| Priest Training | 2 | |
| Sorceress Training | 1 | |
| Masonry | 3 | |
| Lumber Harvesting | 1 | |
11 total
» buildings
| Altar of Kings | 2 | |
| Farm | 13 | |
| Barracks | 3 | |
| Scout Tower | 32 | |
| Arcane Vault | 2 | |
| Arcane Tower | 10 | |
| Blacksmith | 2 | |
| Keep | 4 | |
| Town Hall | 6 | |
| Castle | 2 | |
| Arcane Sanctum | 4 | |
| Lumber Mill | 2 | |
| Workshop | 2 | |
| Guard Tower | 17 | |
101 total
» build order
00:30 Altar of Kings
00:40 Farm
01:01 Barracks
01:23 Farm
01:41 Farm
02:19 Farm
02:26 Scout Tower
02:38 Arcane Vault
03:21 Arcane Tower
03:23 Farm
04:50 Blacksmith
05:36 Keep
06:43 Town Hall
06:44 Scout Tower
06:45 Scout Tower
06:46 Scout Tower
07:51 Farm
09:06 Scout Tower
09:14 Castle
09:16 Arcane Sanctum
09:17 Arcane Sanctum
09:21 Lumber Mill
09:24 Farm
09:27 Scout Tower
09:30 Scout Tower
10:07 Barracks
10:36 Workshop
10:40 Guard Tower
11:21 Scout Tower
11:50 Arcane Tower
11:51 Scout Tower
11:55 Scout Tower
12:11 Scout Tower
12:14 Farm
12:25 Guard Tower
12:27 Arcane Tower
12:28 Scout Tower
13:02 Arcane Tower
14:33 Arcane Tower
14:35 Guard Tower
14:37 Guard Tower
17:49 Town Hall
17:50 Scout Tower
17:51 Scout Tower
20:02 Town Hall
20:21 Town Hall
20:30 Town Hall
20:31 Scout Tower
20:48 Scout Tower
20:49 Scout Tower
21:04 Guard Tower
21:30 Guard Tower
21:30 Guard Tower
24:42 Scout Tower
24:44 Scout Tower
24:51 Scout Tower
25:10 Guard Tower
26:30 Keep
26:32 Guard Tower
26:32 Arcane Tower
26:46 Scout Tower
27:30 Scout Tower
27:32 Barracks
27:34 Keep
27:55 Scout Tower
27:59 Scout Tower
28:11 Guard Tower
28:16 Lumber Mill
29:40 Arcane Tower
29:41 Arcane Tower
29:47 Blacksmith
30:09 Farm
30:13 Farm
30:48 Farm
31:25 Altar of Kings
31:31 Farm
32:59 Farm
33:34 Town Hall
33:48 Scout Tower
34:35 Arcane Tower
35:00 Scout Tower
35:32 Guard Tower
36:07 Scout Tower
37:07 Keep
37:10 Guard Tower
38:01 Scout Tower
38:05 Scout Tower
38:09 Scout Tower
38:51 Guard Tower
38:53 Guard Tower
38:58 Guard Tower
39:29 Castle
39:30 Arcane Sanctum
39:33 Scout Tower
40:35 Scout Tower
40:41 Arcane Sanctum
40:43 Guard Tower
41:59 Arcane Tower
42:11 Arcane Vault
42:20 Workshop
» items
| Scroll of Regeneration | 2 | |
| Circlet of Nobility | 6 | |
| Scroll of Town Portal | 6 | |
| Orb of Fire | 1 | |
| Scroll of Healing | 1 | |
16 total

»
garfieldjohnson (
pink | 46 APM | 2033 actions | 44:35)
5 Archmage
3 Summon Water Elemental
2 Brilliance Aura
4 Paladin
2 Holy Light
1 Divine Shield
1 Devotion Aura
» actions
| Assign group hotkey | 36 | |
| Basic commands | 8 | |
| Build / train | 88 | |
| Enter build submenu | 54 | |
| Enter hero's abilities submenu | 9 | |
| Give item / drop item | 1 | |
| Right click | 664 | |
| Select / deselect | 408 | |
| Select group hotkey | 593 | |
| Use ability | 172 | |
2033 total
» units
| Peasant | 31 | |
| Spell Breaker | 4 | |
| Sorceress | 4 | |
| Priest | 4 | |
43 total
» upgrades
| Lumber Harvesting | 1 | |
| Magic Sentry | 1 | |
| Sorceress Training | 2 | |
| Priest Training | 2 | |
| Control Magic | 2 | |
8 total
» buildings
| Altar of Kings | 3 | |
| Farm | 15 | |
| Scout Tower | 40 | |
| Lumber Mill | 2 | |
| Arcane Tower | 9 | |
| Guard Tower | 9 | |
| Keep | 1 | |
| Arcane Vault | 3 | |
| Blacksmith | 1 | |
| Arcane Sanctum | 3 | |
| Castle | 1 | |
| Town Hall | 5 | |
92 total
» build order
00:07 Altar of Kings
00:26 Farm
01:06 Farm
01:20 Scout Tower
01:42 Scout Tower
01:46 Farm
01:53 Lumber Mill
01:56 Arcane Tower
02:11 Scout Tower
02:31 Arcane Tower
02:57 Guard Tower
03:05 Scout Tower
03:43 Scout Tower
03:48 Keep
03:56 Arcane Vault
04:09 Scout Tower
04:10 Arcane Tower
04:15 Scout Tower
04:24 Scout Tower
04:25 Scout Tower
04:45 Guard Tower
04:49 Blacksmith
05:08 Guard Tower
05:32 Guard Tower
05:37 Scout Tower
05:45 Farm
06:13 Arcane Sanctum
06:17 Arcane Sanctum
06:22 Arcane Sanctum
06:28 Arcane Tower
06:31 Farm
06:32 Farm
07:56 Farm
07:59 Farm
10:04 Castle
12:44 Scout Tower
12:45 Scout Tower
12:49 Scout Tower
12:50 Scout Tower
12:50 Scout Tower
12:51 Scout Tower
12:52 Scout Tower
12:53 Scout Tower
13:07 Scout Tower
13:57 Town Hall
14:09 Arcane Tower
16:09 Guard Tower
17:47 Guard Tower
17:51 Farm
17:52 Farm
17:56 Farm
17:57 Farm
20:20 Arcane Vault
20:24 Scout Tower
20:25 Scout Tower
20:26 Scout Tower
20:27 Scout Tower
21:09 Arcane Tower
25:53 Town Hall
28:33 Town Hall
31:22 Farm
31:46 Farm
31:51 Farm
33:57 Altar of Kings
35:43 Town Hall
35:47 Town Hall
36:17 Scout Tower
36:29 Scout Tower
36:50 Arcane Tower
37:25 Guard Tower
37:28 Scout Tower
39:06 Arcane Tower
39:15 Scout Tower
39:17 Scout Tower
39:18 Scout Tower
40:22 Guard Tower
41:23 Arcane Tower
41:26 Arcane Vault
41:37 Scout Tower
41:38 Scout Tower
41:40 Scout Tower
41:41 Scout Tower
42:17 Guard Tower
42:22 Scout Tower
42:22 Scout Tower
42:24 Scout Tower
42:25 Scout Tower
42:29 Scout Tower
42:30 Scout Tower
42:31 Scout Tower
42:42 Lumber Mill
43:39 Altar of Kings
» items
| Scroll of Regeneration | 2 | |
| Lesser Clarity Potion | 2 | |
| Scroll of Town Portal | 1 | |
| Potion of Lesser Invulnerability | 1 | |
6 total
MurderMystery. (
orange | 102 APM | 5186 actions | 50:54)
10 Blademaster
3 Wind Walk
3 Critical Strike
1 Bladestorm
3 Mirror Image
» actions
| Assign group hotkey | 133 | |
| Basic commands | 76 | |
| Build / train | 154 | |
| ESC pressed | 9 | |
| Enter build submenu | 63 | |
| Enter hero's abilities submenu | 10 | |
| Give item / drop item | 7 | |
| Remove unit from queue | 1 | |
| Right click | 2529 | |
| Select / deselect | 598 | |
| Select group hotkey | 1325 | |
| Use ability | 281 | |
5186 total
» units
| Peon | 17 | |
| Grunt | 5 | |
| Goblin Shredder | 3 | |
| Kodo Beast | 1 | |
| Raider | 4 | |
| Troll Headhunter/Berserker | 4 | |
| Wind Rider | 4 | |
| Goblin Zeppelin | 2 | |
| Goblin Sapper | 6 | |
46 total
» upgrades
| Berserker Strength | 1 | |
| Pillage | 1 | |
| Armor | 3 | |
| Ensnare | 1 | |
| Melee Weapons | 4 | |
| Reinforced Defenses | 1 | |
| Berserker Upgrade | 1 | |
| Troll Regeneration | 1 | |
| War Drums Damage Increase | 1 | |
| Ranged Weapons | 4 | |
| Backpack | 1 | |
| Burning Oil | 1 | |
| Spiked Barricades | 3 | |
| Envenomed Spears | 1 | |
| Liquid Fire | 1 | |
25 total
» buildings
| Orc Burrow | 6 | |
| Altar of Storms | 1 | |
| Barracks | 3 | |
| Voodoo Lounge | 3 | |
| Stronghold | 3 | |
| Great Hall | 5 | |
| War Mill | 1 | |
| Beastiary | 4 | |
| Watch Tower | 44 | |
| Fortress | 2 | |
72 total
» build order
00:12 Orc Burrow
01:05 Altar of Storms
01:07 Barracks
01:23 Orc Burrow
01:50 Voodoo Lounge
02:17 Orc Burrow
05:00 Stronghold
05:00 Stronghold
05:01 Stronghold
05:22 Great Hall
06:00 War Mill
08:08 Great Hall
08:43 Orc Burrow
08:48 Beastiary
09:51 Watch Tower
09:52 Watch Tower
09:58 Watch Tower
10:02 Watch Tower
11:23 Watch Tower
11:31 Watch Tower
11:44 Watch Tower
12:17 Fortress
12:17 Fortress
12:20 Watch Tower
12:21 Watch Tower
12:24 Watch Tower
12:32 Watch Tower
12:42 Watch Tower
14:37 Watch Tower
14:52 Watch Tower
14:53 Watch Tower
16:02 Watch Tower
16:31 Barracks
16:34 Barracks
16:39 Beastiary
16:46 Orc Burrow
16:51 Orc Burrow
20:30 Watch Tower
20:31 Watch Tower
21:04 Watch Tower
21:04 Watch Tower
21:31 Watch Tower
21:34 Watch Tower
21:36 Watch Tower
24:39 Voodoo Lounge
25:07 Watch Tower
25:08 Watch Tower
25:08 Watch Tower
25:23 Voodoo Lounge
25:26 Watch Tower
25:27 Watch Tower
25:32 Watch Tower
26:09 Great Hall
26:23 Watch Tower
26:24 Watch Tower
26:25 Watch Tower
26:26 Watch Tower
26:45 Watch Tower
26:46 Watch Tower
26:48 Watch Tower
26:50 Watch Tower
26:53 Watch Tower
31:34 Beastiary
31:35 Beastiary
33:30 Great Hall
33:45 Watch Tower
33:46 Watch Tower
33:48 Watch Tower
33:50 Watch Tower
33:51 Watch Tower
33:52 Watch Tower
36:41 Great Hall
» items
| Healing Salve | 10 | |
| Lesser Clarity Potion | 5 | |
| Boots of Speed | 3 | |
| Scroll of Town Portal | 7 | |
| Orb of Lightning | 1 | |
| Staff of Teleportation | 1 | |
27 total
Chat log
(00:06 / All) Eug_Master: Hari Singh
(00:11 / All) HariKari: something need doing?>
(00:21 / All) garfieldjohnson: work work
(00:22 / All) Jagr: isn't that starcraft?
(00:39 / All) MurderMystery.: WORK WORK
(00:41 / All) garfieldjohnson: nah brah
(00:48 / All) HariKari: something need doing?
(00:56 / All) Jagr: I'll give ya sometihng to do...
(10:05 / Allies) Eug_Master: trap the aarchers
(12:04 / Allies) Eug_Master: im out
(12:58 / Allies) Eug_Master: walk to purple expo
(14:02 / All) HariKari: lol
(14:17 / Allies) Eug_Master: trap the archers
(15:42 / Allies) Eug_Master: im out
(16:40 / Allies) Eug_Master: everyone walk to purple expo now
(18:09 / Allies) ishot2pac: just a hero green
(18:34 / Allies) HariKari: I have beastiares
(18:47 / Allies) ishot2pac: and 7k gold
(18:49 / Allies) ishot2pac: gg
(19:06 / Allies) Eug_Master: Hari Singh share some gold please
(20:02 / All) MurderMystery.: wow I made that undead leave with 50 food orc ground
(21:37 / All) garfieldjohnson: mass base killing lol
(24:00 / All) MurderMystery.: kind of bs that kodo can swallow abominations but not tanks
(24:03 / All) MurderMystery.: it clearly has an iron stomach
(29:19 / All) HariKari: lucky
(29:25 / All) garfieldjohnson: lucjy?
(29:35 / All) garfieldjohnson: pretty normal occurence to heal
(29:45 / All) HariKari: he had 1 hit left retard
(29:56 / All) Jagr: my hp was over 350
(30:03 / All) garfieldjohnson: lol
(32:09 / All) garfieldjohnson: goddamn bms
(35:17 / All) MurderMystery.: Eat shit for using our strat to invisiharass
(35:23 / All) MurderMystery.: you suck at it
(35:32 / All) wcboon: u hack so there that
(35:35 / All) MurderMystery.: LOL
(35:37 / All) MurderMystery.: HOW DO I HACK
(38:35 / All) HariKari: lost control of my hero
(38:51 / All) garfieldjohnson: he was spinning so fast
(39:47 / All) garfieldjohnson: this is an interesting game
(43:49 / All) MurderMystery.: GREEN IS FUCKING AHCKING
(44:03 / All) garfieldjohnson: lol for real?
(44:37 / All) HariKari: pussies
(44:37 / All) MurderMystery.: LOL
(44:39 / All) MurderMystery.: They bought it
(44:42 / All) MurderMystery.: when I claimed contrl hack
(44:49 / All) MurderMystery.: now yellow has to lose
(44:50 / All) MurderMystery.: LOL
(45:05 / All) MurderMystery.: They all left instantly
(45:08 / All) HariKari: leave yellow and you can get a tie
(45:09 / All) MurderMystery.: just as I predicted in /f m
(45:25 / All) HariKari: yellow
(45:26 / All) HariKari: leave
(45:28 / All) HariKari: and you get a tie
(45:43 / All) Eug_Master: Hari Singh beat you guys 1v4
(45:50 / All) MurderMystery.: you lose lol
(45:52 / All) MurderMystery.: you are the only one left
(45:56 / All) MurderMystery.: I beat you, teal and purple 1v3
(46:06 / All) MurderMystery.: I raped you playing boring ass standard orc type shit
(46:11 / All) HariKari: Yellow if you leave I'll have to kill my own stuff
(46:16 / All) MurderMystery.: Me and green are friends
(46:17 / All) HariKari: Leave and you get a tie not a loss
(46:22 / All) MurderMystery.: we were duking it out against each other's teams for fun
(46:29 / All) MurderMystery.: and you have to lose because you are the only legit player left
(46:35 / All) MurderMystery.: understand?
(46:36 / Allies) Eug_Master: green give some gold to teal to repiar
(48:58 / All) HariKari: yellow doesn't get it lol
(49:56 / All) MurderMystery.: Anythign to say for yourself yellow?
(50:00 / All) MurderMystery.: I beat you 1v4 buddy
(50:02 / All) MurderMystery.: I BEAT YOU 1v4